 Dungeon Crawl Stone Soup version 0.22.0-27-ga576289 (webtiles) character file.

3381 shmeve the Fighter (level 9, -4/83 HPs)
             Began as a Minotaur Berserker on Aug 22, 2018.
             Was an Elder of Trog.
             Engulfed by a steam dragon's steam (12 damage)
             ... on level 9 of the Dungeon.
             The game lasted 00:16:31 (8493 turns).

shmeve the Fighter (Minotaur Berserker)             Turns: 8493, Time: 00:16:32

Health: -4/83      AC: 14    Str: 24    XL:     9   Next: 74%
Magic:  8/8        EV: 13    Int:  8    God:    Trog [****..]
Gold:   393        SH:  0    Dex: 11    Spells: 8/8 levels left

rFire    . . .     SeeInvis .   A - +0 battleaxe
rCold    . . .     Gourm    +   (shield currently unavailable)
rNeg     . . .     Faith    .   q - +4 ring mail of Context {+Inv MR+}
rPois    .         Spirit   .   (helmet restricted)
rElec    .         Reflect  .   o - +2 cloak
rCorr    .         Harm     .   j - +0 pair of gloves
MR       +++..                  (no boots)
Stlth    +.........             k - amulet of the gourmand
HPRegen  1.23/turn              y - +4 ring of intelligence
MPRegen  0.11/turn              (no ring)

@: berserk cooldown, regenerating, slowed, very slow
A: retaliatory headbutt, horns 2
a: Berserk, Trog's Hand, Brothers in Arms, Renounce Religion, Evoke Invisibility


You were on level 9 of the Dungeon.
You worshipped Trog.
Trog was greatly pleased with you.
You were not hungry.

You visited 1 branch of the dungeon, and saw 9 of its levels.
You also visited: Ossuary.

You collected 393 gold pieces.

Inventory:

Hand Weapons
 u - a +1 hand axe of flaming
 A - a +0 battleaxe (weapon)
Armour
 j - a +0 pair of gloves (worn)
 o - a +2 cloak (worn)
 q - the +4 ring mail of Context (worn) {+Inv MR+}
   (You found it on level 7 of the Dungeon)

   It affects your resistance to hostile enchantments.
   It lets you turn invisible.
Jewellery
 k - an amulet of the gourmand (around neck)
 y - a +4 ring of intelligence (left hand)
Wands
 d - a wand of paralysis (11)
 D - a wand of digging (10)
Scrolls
 a - 3 scrolls of teleportation {unknown}
 e - 4 scrolls of remove curse
 h - 2 scrolls of fog
 i - 4 scrolls of enchant weapon {unknown}
 n - 4 scrolls of identify
 s - 6 scrolls of enchant armour
 v - 2 scrolls of amnesia {unknown}
 x - 3 scrolls of random uselessness {unknown}
 E - a scroll of fear {unknown}
Potions
 b - 2 potions of brilliance {unknown}
 f - 5 potions of lignification
 g - 2 potions of heal wounds {unknown}
 l - 2 potions of haste {unknown}
 m - 2 potions of invisibility {unknown}
 p - 6 potions of curing
 r - a potion of degeneration {unknown}
 t - a potion of resistance {unknown}
 w - 2 potions of flight {unknown}
 z - a potion of berserk rage {unknown}
 B - a potion of might {unknown}
 C - a potion of agility {unknown}
Comestibles
 c - 11 rations


   Skills:
 * Level 9.1 Fighting
 * Level 9.1 Axes
 * Level 7.0 Throwing
 + Level 6.1 Armour
 + Level 5.6 Dodging


You had 8 spell levels left.
You didn't know any spells.
Your spell library was empty.

Dungeon Overview and Level Annotations

Branches:
Dungeon (9/15)             Temple (0/1) D:4
   Lair: D:8-11         Orc: D:9-12

Altars:
Dithmenos
Hepliaklqana
Kikubaaqudgha
Okawaru
Ru
Vehumet
Xom
Zin

Shops:
D:5 :   D:8 [

Annotations:
D:5 3 runed doors, johnnyslick's ghost, novice MiBe
D:9 1 runed door


Innate Abilities, Weirdness & Mutations

You reflexively headbutt those who attack you in melee.
You have a pair of horns on your head.


Message History

Unknown command.
You hit the gnoll but do no damage. You headbutt the gnoll.
You kill the gnoll!
Trog accepts your kill.
Your Throwing skill increases to level 7!
You barely miss the sky beast. The sky beast hits you.
The sky beast shocks you. The steam dragon breathes steam at you.
The ball of steam hits you!
* * * LOW HITPOINT WARNING * * *
The sky beast hits you but does no damage.
Your skin crawls.
You feel resistant to hostile enchantments.
You are starving!
You are engulfed in a cloud of scalding steam.
* * * LOW HITPOINT WARNING * * *
The sky beast closely misses you.
You eat one of the 12 rations.
That ration really hit the spot!
You are engulfed in a cloud of scalding steam.
You die...

...................§≈≈≈≈
...................§≈≈≈≈
.................#§≈≈..≈
..................≈≈.$..
..................≈≈.##
..........(.......≈≈#[#
...##.....#......$≈§.$##
..###.....#....†YD§§≈..$
............@)#§≈≈..
..........§..§#≈≈≈≈
##...........#§≈≈
#...............
....####........ ...
#...##... .. #...# ...
#...# ..


You could see a steam dragon and a sky beast.

Vanquished Creatures
  3 hippogriffs
  A hungry ghost (D:9)
  Menkaure (D:6)
  2 insubstantial wisps (D:9)
  An ice beast (D:6)
  An orc warrior (D:6)
  A black bear (D:6)
  2 phantoms (D:8)
  3 sky beasts
  A centaur (D:3)
  Blork the orc (D:6)
  3 bullfrogs
  A gnoll sergeant (D:9)
  A wyvern zombie (D:8)
  2 scorpions
  5 wights (D:7)
  2 howler monkeys
  3 crimson imps (D:8)
  Crazy Yiuf (D:6)
  2 hounds
  2 orc priests
  A centaur skeleton (D:5)
  An orc wizard (D:4)
  3 iguanas
  5 worker ants
  A mummy (Ossuary)
  5 gnolls (D:9)
  13 adders
  A shadow imp (D:7)
  2 oozes
  An adder skeleton (D:6)
  3 worms (D:3)
  A dart slug (D:1)
  5 leopard geckos
  20 orcs
  4 giant cockroaches
  2 gnoll zombies (Ossuary)
  5 goblins
  5 hobgoblins
  12 jackals
  2 kobolds
  3 quokkas
  5 bats
  2 frilled lizards (D:3)
  4 goblin skeletons (Ossuary)
  2 goblin zombies (Ossuary)
  3 hobgoblin skeletons (Ossuary)
  2 hobgoblin zombies (Ossuary)
  4 kobold skeletons (Ossuary)
  3 kobold zombies (Ossuary)
  A leopard gecko zombie (D:5)
  4 orc skeletons (Ossuary)
  2 orc zombies (Ossuary)
  5 rats
  A rat skeleton (Ossuary)
  4 rat zombies (Ossuary)
176 creatures vanquished.

Vanquished Creatures (others)
  3 mummies (Ossuary)
  2 gnoll skeletons (Ossuary)
  2 goblin skeletons (Ossuary)
  3 goblin zombies (Ossuary)
  A hobgoblin skeleton (Ossuary)
  A hobgoblin zombie (Ossuary)
  2 kobold skeletons (Ossuary)
  A kobold zombie (Ossuary)
  An orc skeleton (Ossuary)
  An orc zombie (Ossuary)
  A rat skeleton (Ossuary)
  4 rat zombies (Ossuary)
22 creatures vanquished.

Grand Total: 198 creatures vanquished

Notes
Turn   | Place    | Note
-------+----------+-------------------------------------------
     0 | D:1      | shmeve the Minotaur Berserker began the quest for the Orb.
     0 | D:1      | Reached XP level 1. HP: 19/19 MP: 0/0
   392 | D:1      | Reached XP level 2. HP: 27/27 MP: 1/1
   624 | D:2      | Reached skill level 1 in Throwing
   644 | D:2      | Reached XP level 3. HP: 20/33 MP: 2/2
   855 | D:2      | Found an ancient bone altar of Kikubaaqudgha.
   855 | D:2      | Found a glowing silver altar of Zin.
   855 | D:2      | Found a radiant altar of Vehumet.
   855 | D:2      | Found a shimmering altar of Xom.
  1028 | D:2      | Found a sacrificial altar of Ru.
  1544 | D:3      | Reached XP level 4. HP: 38/40 MP: 3/3
  1549 | D:3      | Reached ** piety under Trog
  1736 | D:3      | Noticed a centaur
  1749 | D:3      | Killed a centaur
  1749 | D:3      | Reached XP level 5. HP: 34/47 MP: 4/4
  2628 | D:4      | Found a staircase to the Ecumenical Temple.
  2672 | D:4      | Reached skill level 5 in Fighting
  2684 | D:4      | Reached skill level 5 in Axes
  2928 | D:4      | Reached XP level 6. HP: 56/56 MP: 5/5
  3438 | D:5      | Entered Level 5 of the Dungeon
  3444 | D:5      | Reached *** piety under Trog
  3517 | D:5      | Noticed a sky beast
  3526 | D:5      | Killed a sky beast
  3636 | D:5      | Found a runed gate.
  3637 | D:5      | Noticed johnnyslick's ghost (novice MiBe)
  3638 | D:5      | Found a runed gate.
  3638 | D:5      | Found a runed gate.
  3864 | D:5      | Found a hazy altar of Hepliaklqana.
  4141 | D:5      | Found Qozyhai's Book Shoppe.
  4185 | D:6      | Reached XP level 7. HP: 56/62 MP: 6/6
  4222 | D:6      | Found a shadowy altar of Dithmenos.
  4602 | D:6      | Got a fine robe
  4613 | D:6      | Identified the cursed +0 robe "Ewuwim" {MP-9 Str+5 Stlth+} (You found it on level 6 of the Dungeon)
  5141 | D:6      | Noticed Menkaure
  5151 | D:6      | Killed Menkaure
  5308 | D:6      | Reached XP level 8. HP: 67/71 MP: 0/7
  5499 | D:6      | Found an iron altar of Okawaru.
  5504 | D:6      | Noticed Blork the orc
  5517 | D:6      | Killed Blork the orc
  5968 | D:6      | Found a runed door.
  6044 | D:6      | Noticed Crazy Yiuf
  6047 | D:6      | Killed Crazy Yiuf
  6276 | D:7      | Got a polished ring mail
  6277 | D:7      | Identified the +4 ring mail of Context {+Inv MR+} (You found it on level 7 of the Dungeon)
  6634 | D:7      | Reached skill level 5 in Throwing
  6653 | D:7      | Noticed a hippogriff
  6656 | D:7      | Killed a hippogriff
  6656 | D:7      | Reached skill level 5 in Armour
  7153 | D:8      | Found a sand-covered staircase.
  7157 | Ossuary  | Entered an ossuary
  7230 | Ossuary  | Reached **** piety under Trog
  7494 | D:8      | Noticed a hippogriff
  7504 | D:8      | Killed a hippogriff
  7504 | D:8      | Reached skill level 5 in Dodging
  7504 | D:8      | Reached XP level 9. HP: 50/81 MP: 8/8
  7881 | D:8      | Found Unisk's Armour Shop.
  8410 | D:9      | Found a runed gate.
  8493 | D:9      | Engulfed by a steam dragon's steam

Skill      XL: |  1  2  3  4  5  6  7  8  9 |
---------------+----------------------------+-----
Fighting       | 4 5 6 8 9 |  9.1
Axes           | 4 5 6 8 9 |  9.1
Throwing       | 1 2 3 4 5 7 |  7.0
Armour         | 3 4 5 6 |  6.1
Dodging        | 3 4 5 |  5.6

Action                   |  1- 3 |  4- 6 |  7- 9 || total
-------------------------+-------+-------+-------++-------
Melee: Hand axe          |    56 |   102 |    44 ||   202
       Headbutt          |     4 |    14 |    47 ||    65
       Battleaxe         |       |       |   198 ||   198
Invok: Berserk           |       |       |     4 ||     4
       Trog's Hand       |       |       |     3 ||     3
  Use: Scroll            |       |     5 |     4 ||     9
       Potion            |       |       |     2 ||     2
 Stab: Distracted        |       |     1 |       ||     1
  Eat: Chunk             |     2 |    20 |    18 ||    40
       Ration            |       |       |     1 ||     1
Armor: Animal skin       |    14 |    26 |     4 ||    44
       Robe              |       |       |     7 ||     7
       Ring mail         |       |       |    96 ||    96
       Plate armour      |       |       |    15 ||    15
Dodge: Dodged            |    42 |    63 |   191 ||   296
